Map: [ESL] Curious Minds

Players

Dream - Winner!

  • Race: Terran Terran

Spirit

  • Race: Terran Terran

Event: IEM Katowice 2022

VOD

Have the link to the VOD?

Description

Time

  • Played on: Feb. 24, 2022, 6:22 a.m.
  • Length: 2:48

All games in this series

Show
View Real Time Build Order
Export as new Build Order

Dream Terran - Winner!

Build Orders:  

Get SALT Encoding   

  12  0:00  SCV  
  13  0:13  Supply Depot  
  13  0:18  SCV  
  14  0:35  Barracks  
  14  0:40  Refinery  
  14  0:53  Barracks  
  14  0:58  SCV  
  15  1:10  SCV  
  16  1:22  Orbital Command  
  16  1:23  Reaper  
  17  1:30  Refinery  
  17  1:42  Reaper  
  18  1:48  SCV  
  19  1:54  Supply Depot  
  19  2:00  Reaper  
  19  2:01  SCV  
  21  2:13  SCV  
  21  2:14  Reaper  
  23  2:25  SCV  
  25  2:45  Factory  
Show
View Real Time Build Order
Export as new Build Order

Spirit Terran 

Build Orders:  

Get SALT Encoding   

  12  0:00  SCV  
  13  0:13  SCV  
  14  0:19  Supply Depot  
  14  0:25  SCV  
  15  0:40  SCV  
  16  0:44  Barracks  
  16  0:49  Refinery  
  16  0:53  SCV  
  17  1:05  SCV  
  18  1:17  SCV  
  19  1:30  Orbital Command  
  19  1:31  Reaper  
  20  1:48  Supply Depot  
  20  1:54  Bunker x2  
  20  1:57  SCV  
  21  2:03  Marine  
  22  2:09  SCV  
  22  2:15  Factory  
  23  2:21  SCV, Marine  
  21  2:33  SCV  

Tags
 
Add a new tag
Caveats
  • Supply blocks, unpowered buildings, or Contaminate may cause inaccurate times.
  • Supply counts are checked every 10 seconds.